Map: Para Site LE

Players

Mana - Winner!

  • Race: Protoss Protoss
  • Spawn Location: 11:00

Future

  • Race: Terran Terran
  • Spawn Location: 5:00

Event: WCS Montreal 2018

VOD

Have the link to the VOD?

Description

Time

  • Played on: Sept. 7, 2018, 3:39 p.m.
  • Length: 9:05

All games in this series

Show
View Real Time Build Order
Export as new Build Order

Mana Protoss - Winner!

Build Orders:  

Get SALT Encoding   

  12  0:00  Probe  
  13  0:12  Probe  
  14  0:17  Pylon  
  14  0:24  Probe  
  15  0:32  Probe  
  15  0:37  Gateway  
  15  0:40  Probe  
  16  0:47  Assimilator  
  17  0:50  Probe  
  18  0:58  Probe  
  19  1:06  Probe  
  20  1:13  Gateway  
  20  1:15  Assimilator  
  20  1:17  Probe  
  20  1:25  Cybernetics Core  
  21  1:29  Probe  
  22  1:36  Pylon  
  22  1:41  Probe  
  23  1:52  Stalker  
  23  1:54  Probe  
  24  2:02  Stalker  
  24  2:06  Warp Gate  
  27  2:12  Probe  
  27  2:24  Stalker, Probe  
  30  2:31  Pylon  
  30  2:36  Probe  
  31  2:49  Probe  
  30  3:01  Robotics Facility, Probe  
  31  3:06  Stalker  
  33  3:30  Nexus  
  33  3:33  Probe  
  34  3:41  Immortal  
  34  3:45  Probe  
  39  3:59  Probe  
  38  4:04  Pylon  
  38  4:11  Probe  
  38  4:16  Observer  
  39  4:20  Pylon  
  39  4:22  Twilight Council  
  40  4:24  Sentry  
  40  4:25  Sentry  
  40  4:28  Probe  
  45  4:32  Observer  
  46  4:40  Probe  
  46  4:42  Probe  
  48  4:46  Observer  
  48  4:52  Probe  
  49  4:54  Resonating Glaives, Probe  
  51  5:00  Forge  
  51  5:04  Warp Prism, Probe  
  51  5:07  Stalker, Probe, Observer  
  55  5:16  Probe  
  55  5:19  Probe  
  59  5:23  Protoss Ground Weapons Level 1  
  59  5:27  Pylon  
  59  5:29  Probe  
  59  5:31  Probe  
  61  5:40  Adept x2  
  61  5:41  Probe  
  66  5:43  Probe  
  66  5:47  Assimilator  
  66  5:53  Probe  
  66  5:55  Probe  
  68  6:05  Probe  
  68  6:07  Pylon, Probe  
  68  6:08  Nexus  
  70  6:13  Assimilator  
  70  6:17  Probe  
  71  6:19  Probe  
  71  6:22  Immortal  
  76  6:29  Probe  
  76  6:31  Probe  
  78  6:34  Gateway  
  78  6:41  Probe  
  78  6:43  Probe  
  80  6:49  Observer  
  80  6:50  Gateway  
  80  6:52  Gateway  
  80  6:53  Gateway, Probe  
  77  7:01  Adept  
  77  7:02  Adept  
  77  7:06  Immortal  
  77  7:07  Gateway  
  85  7:09  Protoss Ground Armor Level 1, Observer  
  85  7:14  Pylon  
  85  7:15  Pylon  
  85  7:16  Pylon  
  85  7:24  Adept x2  
  85  7:29  Probe x3  
  92  7:41  Adept  
  94  7:47  Adept x2  
  94  7:48  Immortal  
  101  8:01  Adept x3  
  101  8:02  Adept  
  105  8:14  Adept x2  
  101  8:26  Adept x2  
  101  8:27  Warp Prism, Adept x2  
  90  8:50  Adept x5  
  90  8:51  Adept  
Show
View Real Time Build Order
Export as new Build Order

Future Terran 

Build Orders: 1/1/1, Cyclone Opening, MMM Bio 

Get SALT Encoding   

  12  0:00  SCV  
  13  0:12  SCV  
  14  0:18  Supply Depot  
  14  0:25  SCV  
  15  0:39  SCV  
  16  0:43  Barracks  
  16  0:46  Refinery  
  16  0:52  SCV  
  16  0:56  Refinery  
  17  1:04  SCV  
  18  1:16  SCV  
  19  1:29  Orbital Command  
  19  1:30  Reaper  
  20  1:43  Factory  
  20  1:55  SCV  
  20  2:00  Supply Depot  
  21  2:02  Reaper  
  21  2:07  SCV  
  23  2:21  SCV  
  24  2:28  Starport  
  24  2:29  Cyclone  
  27  2:33  SCV  
  28  2:39  Supply Depot  
  28  2:45  SCV  
  29  2:57  SCV  
  30  3:01  Cyclone  
  32  3:07  Viking  
  32  3:10  Supply Depot  
  35  3:15  SCV  
  35  3:38  SCV  
  35  3:40  Factory Tech Lab  
  36  3:43  Starport Tech Lab  
  36  3:51  SCV  
  36  3:54  Command Center  
  37  4:00  Siege Tank  
  37  4:04  SCV  
  38  4:10  Raven  
  40  4:18  Barracks  
  40  4:21  Barracks, Supply Depot  
  40  4:27  SCV  
  41  4:34  Siege Tank  
  43  4:42  Barracks Reactor  
  43  4:43  SCV  
  44  4:57  SCV  
  44  4:58  Bunker  
  45  5:01  Engineering Bay  
  45  5:05  Starport Reactor  
  46  5:14  SCV  
  46  5:22  Marine x2  
  46  5:23  Stimpack, Marine x2  
  46  5:26  SCV, Factory Reactor  
  51  5:31  Orbital Command  
  51  5:32  Refinery  
  51  5:38  SCV  
  51  5:40  Marine x3  
  51  5:42  Terran Infantry Weapons Level 1  
  55  5:50  SCV  
  55  5:56  SCV  
  57  5:57  Marine  
  57  5:58  Marine x3  
  57  5:59  Combat Shields  
  61  6:07  SCV  
  61  6:08  SCV  
  61  6:09  Widow Mine x2  
  61  6:10  Supply Depot  
  67  6:12  Supply Depot  
  67  6:19  SCV  
  67  6:20  SCV  
  67  6:23  Marine, Supply Depot  
  70  6:32  Medivac x2, Marine x3  
  77  6:36  Widow Mine x2  
  80  6:44  Marine  
  80  6:45  SCV  
  82  6:49  Marine  
  82  6:50  Marauder  
  82  6:51  SCV  
  85  6:57  SCV  
  87  7:01  Marauder  
  87  7:06  Widow Mine x2  
  91  7:10  Marine  
  91  7:11  Supply Depot  
  92  7:17  Marauder, Marine  
  92  7:22  Marine  
  96  7:23  Concussive Shells  
  96  7:33  Marine  
  97  7:39  Marauder, Marine  
  97  7:43  Missile Turret, SCV x2, Supply Depot  
  97  7:44  Supply Depot  
  102  7:45  Refinery  
  102  7:54  Marauder, Marine  
  102  7:57  Marine  
  99  7:58  SCV x2  
  99  8:00  Marauder  
  99  8:12  Marine  
  99  8:16  Marine  
  99  8:17  Marauder, Widow Mine  
  101  8:21  Marine  
  103  8:27  Medivac, Widow Mine  
  103  8:30  Marine  
  106  8:38  Marauder, Marine  
  106  8:39  Marauder  
Tags
 
Add a new tag
Caveats
  • Supply blocks, unpowered buildings, or Contaminate may cause inaccurate times.
  • Supply counts are checked every 10 seconds.